 Dungeon Crawl Stone Soup version 0.26.0-18-gc5c842f807 (webtiles) character file.

Game seed: 18122183612329984946

36 thiole the Magician (level 3, -2/21 HPs)
             Began as an Octopode Hedge Wizard on Jan 23, 2021.
             Killed from afar by Sigmund (3 damage)
             ... with a puff of flame
             ... on level 2 of the Dungeon.
             The game lasted 00:01:56 (1805 turns).

thiole the Magician (Octopode Hedge Wizard)         Turns: 1805, Time: 00:01:57

Health: -2/21      AC:  8    Str:  9    XL:     3   Next: 37%
Magic:  7/7        EV: 13    Int: 17    God:
Gold:   63         SH:  0    Dex: 11    Spells: 7/8 levels left

rFire    . . .     SeeInvis .   e - +2 dagger (protect)
rCold    . . .     Faith    .   (no shield)
rNeg     . . .     Spirit   .   b - +0 hat
rPois    .         Reflect  .   (no amulet)
rElec    .         Harm     .   (no ring)
rCorr    .         Rampage  .   (no ring)
Will     .....                  (no ring)
Stlth    ++........             (no ring)
HPRegen  0.07/turn              (no ring)
MPRegen  0.10/turn              (no ring)
                                (no ring)
                                (no ring)

@: confused, protection aura
A: almost no armour, stealthy swim, amphibious, 8 rings, constrict 8, camouflage
1, gelatinous body 1
a: no special abilities


You were on level 2 of the Dungeon.
You visited 1 branch of the dungeon, and saw 2 of its levels.

You collected 63 gold pieces.

Inventory:

Hand Weapons
 a - a +0 dagger
 e - a +2 dagger of protection (weapon)
Armour
 b - a +0 hat (worn)
Scrolls
 c - a scroll of blinking {unknown}
 f - 2 scrolls of identify {unknown}
 g - a scroll of immolation {unknown}
 h - a scroll of remove curse {unknown}
Potions
 d - a potion of resistance {unknown}
 i - a potion of heal wounds {unknown}


   Skills:
 - Level 2.0 Dodging
 + Level 3.1 Stealth
 + Level 3.2 Spellcasting
 * Level 1.9 Conjurations
 * Level 1.9 Summonings
 - Level 1.0 Translocations


You had 7 spell levels left.
You knew the following spells:

 Your Spells              Type           Power        Failure   Level
a - Magic Dart            Conj           36%          8%          1

Your spell library contained the following spells:

 Spells                   Type           Power        Failure   Level
 Call Imp                 Summ           9%           12%         2
 Blink                    Tloc           N/A          17%         2
 Slow                     Hex            2%           26%         2
 Conjure Flame            Conj/Fire      6%           34%         3
 Mephitic Cloud           Conj/Pois/Air  4%           36%         3


Dungeon Overview and Level Annotations

Branches:
Dungeon (2/15)

Altars:

Annotations:
D:2 Sigmund


Innate Abilities, Weirdness & Mutations

You cannot wear most types of armour.
You are very stealthy in the water. (Stealth+)
You are amphibious.
You can wear up to eight rings at the same time.
You can use your tentacles to constrict eight enemies at once.
Your skin changes colour to match your surroundings (Stealth+).
Your rubbery body absorbs attacks. (AC +1, EV +1)


Message History

Ouch! That really hurt!
You hit Sigmund but do no damage.
Your weapon exudes an aura of protection.
You grab Sigmund.
You constrict Sigmund, but do no damage.
You hit Sigmund but do no damage.
You constrict Sigmund, but do no damage.
Sigmund gestures at you while chanting. The magic dart hits you.
* * * LOW HITPOINT WARNING * * *
You hit Sigmund but do no damage.
You constrict Sigmund, but do no damage.
Sigmund gestures at you while chanting.
You are confused.
You release your grip on Sigmund.
Sigmund hits you from afar with a +1 scythe of protection.
* * * LOW HITPOINT WARNING * * *
Sigmund casts a spell at you. The puff of flame hits you.
You die...

###########
####.........#
##.##.#######.#
##...#@# #.#
#..#..@...# #.#
.........#.#
#.#
#..........#
#.#
#...###..###
#{# ... .....#
#.# .# ####+##
#.# #...#
#.#### .....#
##....# ......#
##.###.#


You could see Sigmund.

Vanquished Creatures
  An adder (D:2)
  An ooze (D:1)
  A dart slug (D:1)
  A leopard gecko (D:1)
  A giant cockroach (D:1)
  4 goblins (D:1)
  2 hobgoblins (D:1)
  2 frilled lizards (D:1)
  4 kobolds (D:1)
  6 rats (D:1)
23 creatures vanquished.

Notes
Turn   | Place    | Note
-------+----------+-------------------------------------------
     0 | D:1      | thiole the Octopode Hedge Wizard began the quest for the
                  | Orb.
     0 | D:1      | Reached XP level 1. HP: 11/11 MP: 4/4
   293 | D:1      | Reached XP level 2. HP: 17/17 MP: 1/6
  1127 | D:1      | Reached XP level 3. HP: 21/21 MP: 4/7
  1629 | D:2      | Noticed Sigmund
  1804 | D:2      | HP: 1/21 [Sigmund/+1 scythe of protection (5)]
  1805 | D:2      | Killed from afar by Sigmund

Illustrated notes

Levels and vault maps discovered:
D:1:      shiori_arrival_elements, layout_basic, st_stairs_1
D:2:      layout_loops_corners, kennysheep_okawaru_gauntlet, uniq_sigmund

Skill      XL: |  1  2 |
---------------+-------+-----
Stealth        | 3 |  3.1
Dodging        | |  2.0
Spellcasting   | |  3.2
Conjurations   | |  1.9
Summonings     | |  1.9
Translocations | |  1.0

Action                   || total
-------------------------++-------
Melee: Dagger            ||    11
       Tentacles         ||     2
       Constrict         ||     2
 Cast: Magic Dart        ||    51
Armor: Skin              ||     1
Dodge: Dodged            ||     3
